 Dungeon Crawl Stone Soup version 0.27.1-33-g824d729ab1 (webtiles) character file.

Game seed: 6332713608710964472

42 Destapler the Caller (level 3, 0/27 HPs)
             Began as a Hill Orc Summoner on Dec 1, 2021.
             Succumbed to an adder's poison
             ... in a sewer.
             The game lasted 00:08:19 (3034 turns).

Destapler the Caller (Hill Orc Summoner)            Turns: 3034, Time: 00:08:19

Health: 0/27       AC:  3    Str: 10    XL:     3   Next: 56%
Magic:  6/6        EV: 12    Int: 16    God:
Gold:   97         SH:  0    Dex: 11    Spells: 3/6 levels left

rFire    . . .     SeeInvis +   c - +0 club (venom)
rCold    . . .     Faith    .   (no shield)
rNeg     . . .     Spirit   .   a - +1 robe
rPois    .         Reflect  .   (no helmet)
rElec    .         Harm     .   (no cloak)
rCorr    .         Rampage  .   (no gloves)
Will     .....                  (no boots)
Stlth    ++........             (no amulet)
HPRegen  0.09/turn              i - ring of see invisible
MPRegen  0.10/turn              (no ring)

@: mighty, lethally poisoned (0 -> -2)
A: no striking features
a: no special abilities


You were in a sewer.
You visited 1 branch of the dungeon, and saw 3 of its levels.
You also visited: Sewer.

You collected 97 gold pieces.

Inventory:

Hand Weapons
 c - a +0 club of venom (weapon)
Armour
 a - a +1 robe (worn)
Magical Staves
 h - a staff of fire
Jewellery
 i - a ring of see invisible (left hand)
Scrolls
 b - a scroll of identify
 e - a scroll of fear {unknown}
 f - a scroll of brand weapon


   Skills:
 + Level 0.6 Fighting
 + Level 2.0 Dodging
 - Level 2.0 Stealth
 * Level 2.1 Spellcasting
 + Level 4.2 Summonings


You had 3 spell levels left.
You knew the following spells:

 Your Spells              Type           Power      Damage    Failure   Level
a - Summon Small Mammal   Summ           60%        N/A       3%          1
b - Call Imp              Summ           15%        N/A       5%          2

Your spell library contained the following spells:

 Spells                   Type           Power      Damage    Failure   Level
 Call Canine Familiar     Summ           15%        N/A       11%         3
 Summon Guardian Golem    Hex/Summ       8%         N/A       26%         3
 Summon Lightning Spire   Summ/Air       8%         N/A       63%         4


Dungeon Overview and Level Annotations

Branches:
Dungeon (3/15)              Sewer (1/1)

Altars:
Dithmenos


Message History

You miss the adder. The adder closely misses you.
The jackal closely misses you.
Your iron imp splashes around in the water.
The adder closely misses you. The jackal completely misses you.
You miss the adder.
Your iron imp splashes around in the water.
The adder closely misses you. The jackal bites you.
Your iron imp hits the adder.
You hit the adder but do no damage.
The adder is poisoned.
The adder is lightly wounded.
The jackal bites you but does no damage.
The adder bites you.
* * * LOW HITPOINT WARNING * * *
You are poisoned.
The adder poisons you!
The jackal bites you but does no damage.
The adder closely misses you.
Your iron imp splashes around in the water.
You hit the adder but do no damage.
The adder is lightly wounded.
You feel sick. The jackal closely misses you. The adder closely misses you.
The jackal misses you. The adder closely misses you.
Your iron imp misses the adder.
You barely miss the adder.
The adder is lightly wounded.
You feel sick. The jackal barely misses you. The adder bites you.
* * * LOW HITPOINT WARNING * * *
The jackal bites you.
* * * LOW HITPOINT WARNING * * *
Your iron imp splashes around in the water.
The adder completely misses you.
You feel very mighty all of a sudden.
* * * LOW HITPOINT WARNING * * *
You feel sick. The jackal bites you.
* * * LOW HITPOINT WARNING * * *
The adder barely misses you.
Your iron imp hits the adder but does no damage.
You closely miss the adder.
The adder is moderately wounded.
You die...

..≈≈.≈. #≈..≈. ≈....
####### ##..P###
#≈≈≈..## #..P.≈≈
#≈≈≈P..# ##..≈P##
######.## #≈h5S≈≈#
#≈≈≈≈≈..#≈# #≈.@..≈#≈#
######..#≈# ##≈######≈#
#≈≈≈≈..≈#≈###.≈≈≈≈≈≈#≈#
≈≈≈≈≈≈∩≈#≈#.≈≈≈######≈#
##≈≈≈≈∩.#≈#.≈≈..≈.≈≈#≈#
#≈≈≈.≈≈#≈#≈≈.≈..≈.P#≈#
#≈≈≈≈≈..÷P≈≈.≈..≈P.#≈###
###≈≈≈...÷≈≈.#≈≈...†...#
###.≈.PP.####..P#.#..#


You could see an adder (very poisoned, ally target), a jackal and a friendly
iron imp (summoned).

Vanquished Creatures
  An adder (Sewer)
  A worm (D:2)
  2 ball pythons
  2 giant cockroaches
  2 goblins (D:1)
  2 hobgoblins (D:1)
  A jackal (Sewer)
  A frilled lizard (D:3)
  3 rats
15 creatures vanquished.

Vanquished Creatures (collateral kills)
  An adder (D:3)
  3 ball pythons
  A bat (D:2)
  2 giant cockroaches
  A hobgoblin (D:1)
  2 jackals (Sewer)
  A quokka (D:2)
  3 frilled lizards
  3 goblins
  A kobold (D:2)
  2 rats (D:1)
20 creatures vanquished.

Vanquished Creatures (others)
  9 plants (Sewer)
9 creatures vanquished.

Grand Total: 44 creatures vanquished

Notes
Turn   | Place    | Note
-------+----------+-------------------------------------------
     0 | D:1      | Destapler the Hill Orc Summoner began the quest for the
                  | Orb.
     0 | D:1      | Reached XP level 1. HP: 14/14 MP: 3/3
   467 | D:1      | Reached XP level 2. HP: 15/20 MP: 2/4
  1539 | D:2      | Learned a level 2 spell: Call Imp
  1720 | D:2      | Reached XP level 3. HP: 26/26 MP: 1/5
  1760 | D:2      | Found a shadowy altar of Dithmenos.
  2528 | D:3      | Found a faded altar of an unknown god.
  2636 | D:3      | Found a glowing drain.
  2645 | Sewer    | Entered a sewer
  3034 | Sewer    | Succumbed to an adder's poison

Illustrated notes

Levels and vault maps discovered:
D:1:      grunt_arrival_crossed_arrows, layout_basic
D:2:      layout_basic, basic_altar
D:3:      layout_loops_corners, grunt_nemelex_the_gamble,
          cheibrodos_sewer_entry_sluice, shapermc_ecumenical_altar_venn,
          fountainhead, serial_bayou_crossing
Sewer:    sewer_co_scattered_pipes

Skill      XL: |  1  2  3 |
---------------+----------+-----
Stealth        | 2 |  2.0
Spellcasting   | 2 |  2.1
Dodging        | 2 |  2.0
Fighting       | |  0.6
Summonings     | |  4.2

Action                   || total
-------------------------++-------
Melee: Unarmed           ||    24
       Club              ||    96
 Cast: Summon Small Mamm ||    30
       Call Imp          ||     5
  Use: Scroll            ||     5
       Potion            ||     1
 Stab: Sleeping          ||     2
       Distracted        ||     1
Armor: Robe              ||    26
Dodge: Dodged            ||    97
